 Dungeon Crawl Stone Soup version 0.29.0-4-gdea44cf6ec (webtiles) character file.

Game seed: 17190259070345226835

40 qw the Vexing (level 3, -1/35 HPs)
             Began as an Ogre Enchanter on Sept 3, 2022.
             Slain by a worm (6 damage)
             ... on level 2 of the Dungeon.
             The game lasted 00:01:07 (2017 turns).

qw the Vexing (Ogre Enchanter)                      Turns: 2017, Time: 00:01:08

Health: -1/35      AC:  3    Str: 14    XL:     3   Next: 50%
Magic:  6/6        EV:  9    Int: 16    God:
Gold:   47         SH:  0    Dex:  9    Spells: 6/6 levels left

rFire   . . .      SeeInvis .   Y - +0 whip
rCold   . . .      Faith    .   (no shield)
rNeg    . . .      Spirit   .   b - +0 robe
rPois   .          Reflect  .   (helmet restricted)
rElec   .          Harm     .   (no cloak)
rCorr   .          Rampage  .   (gloves unavailable)
Will    .....                   (boots unavailable)
Stlth   ++........              (no amulet)
HPRegen 0.11/turn               (no ring)
MPRegen 0.10/turn               (no ring)

@: no status effects
A: large, unfitting armour, tough skin 1
a: no special abilities


You were on level 2 of the Dungeon.
You visited 1 branch of the dungeon, and saw 2 of its levels.

You collected 47 gold pieces.


Innate Abilities, Weirdness & Mutations

You are too large for most types of armour.
You have tough skin. (AC +1)


   Skills:
 - Level 2.0 Fighting
 - Level 0.8 Short Blades
 + Level 2.4 Axes
 - Level 1.7 Dodging
 - Level 2.1 Stealth
 - Level 2.4 Spellcasting
 - Level 2.6 Hexes


You had 6 spell levels left.
You didn't know any spells.
Your spell library contained the following spells:

 Spells                   Type           Power      Damage    Failure   Level
 Ensorcelled Hibernation  Hex/Ice        12%        N/A       17%         2
 Confusing Touch          Hex            10%        N/A       21%         3
 Tukima's Dance           Hex            10%        N/A       21%         3
 Dazzling Flash           Conj/Hex       12%        N/A       34%         3

Inventory:

Hand Weapons
 Y - a +0 whip (weapon)
Armour
 b - a +0 robe (worn)
Potions
 a - 3 potions of magic {unknown}
 e - 2 potions of degeneration {unknown}
 g - a potion of might {unknown}

Dungeon Overview and Level Annotations

Branches:
Dungeon (2/15)

Altars:


Message History

You hit the worm but do no damage.
The worm is moderately wounded.
You completely miss the worm.
The worm is moderately wounded.
The worm completely misses you.
You barely miss the worm.
The worm is lightly wounded.
The worm bites you!
You completely miss the worm.
The worm is lightly wounded.
You hit the worm.
The worm is heavily wounded.
The worm barely misses you.
You hit the worm.
The worm is heavily wounded.
You hit the worm but do no damage.
The worm is heavily wounded.
The worm bites you!
You hit the worm but do no damage.
The worm is heavily wounded.
The worm closely misses you.
You hit the worm.
The worm is severely wounded.
You completely miss the worm.
The worm is severely wounded.
The worm bites you.
You hit the worm.
The worm is severely wounded.
You barely miss the worm.
The worm is severely wounded.
The worm bites you.
You hit the worm.
The worm is severely wounded.
The worm bites you but does no damage.
You hit the worm.
The worm is almost dead.
You completely miss the worm.
The worm is almost dead.
The worm bites you.
You die...

### #.. #######
#.. ####.......
#..
#####..@.......
#..
#.....##w......
#.. #...###
....... ### ##...#
....... ####....#
.......
###....####
#####..
####...#### .
#....############
#>..............##


You could see a worm.

Vanquished Creatures
  An adder (D:2)
  3 bats
  An endoplasm (D:1)
  A giant cockroach (D:1)
  6 goblins
  3 hobgoblins
  2 quokkas (D:1)
  4 ball pythons (D:1)
  3 kobolds
  4 rats
28 creatures vanquished.

Notes
Turn   | Place    | Note
-------+----------+-------------------------------------------
     0 | D:1      | qw the Ogre Enchanter began the quest for the Orb.
     0 | D:1      | Reached XP level 1. HP: 16/16 MP: 3/3
     0 | D:1      | 0 ||| qw: Version: 0.1-a-102-g441f92d
     0 | D:1      | 0 ||| qw: Game counter: 5223
     0 | D:1      | 0 ||| qw: Always use a shield: true
     0 | D:1      | 0 ||| qw: God list: Okawaru
     0 | D:1      | 0 ||| qw: Allow faded altars: false
     0 | D:1      | 0 ||| qw: Do Orc after D:15 true
     0 | D:1      | 0 ||| qw: Do second Lair branch before Depths: true
     0 | D:1      | 0 ||| qw: Lair rune preference: random
     0 | D:1      | 0 ||| qw: Plans: Normal
     0 | D:1      | 0 ||| PLANNING D:1-11
    38 | D:1      | 38 ||| SWAPPING to +2 short sword of draining.
    39 | D:1      | 39 ||| DROPPING +1 dagger.
   105 | D:1      | Reached skill level 1 in Axes
   239 | D:1      | Reached skill level 1 in Fighting
   251 | D:1      | Found a faded altar of an unknown god.
   261 | D:1      | Reached XP level 2. HP: 27/27 MP: 5/5
   274 | D:1      | 274 ||| SWAPPING to +0 whip.
   275 | D:1      | 275 ||| DROPPING +2 short sword of draining.
  1333 | D:1      | 1333 ||| DROPPING scarf of harm.
  1334 | D:1      | 1334 ||| READING scroll labelled KUYMUFU NELO.
  1335 | D:1      | 1335 ||| DROPPING 2 potions of invisibility.
  1570 | D:2      | 1570 ||| Stepping ~*~*~tactically~*~*~ (stealth).
  1576 | D:2      | Reached XP level 3. HP: 35/35 MP: 6/6
  1826 | D:2      | 1826 ||| Stepping ~*~*~tactically~*~*~ (outnumbered).
  2009 | D:2      | HP: 8/35 [worm (7)]
  2014 | D:2      | HP: 5/35 [worm (3)]
  2017 | D:2      | Slain by a worm

Levels and vault maps discovered:
D:1:      dpeg_arrival_lava_temple_mockup, layout_loops_corners,
          dreamdust_ecumenical_altar_grove
D:2:      layout_basic, grunt_decor_cap, kennysheep_minor_cross,
          chequers_arboretum

Skill      XL: |  1  2  3 |
---------------+----------+-----
Axes           | 1 2 |  2.4
Fighting       | 1 2 |  2.0
Short Blades   | |  0.8
Dodging        | |  1.7
Stealth        | |  2.1
Spellcasting   | |  2.4
Hexes          | |  2.6

Action                   || total
-------------------------++-------
Melee: Short sword       ||    14
       Whip              ||   116
       Punch             ||     1
  Use: Scroll            ||     1
Armor: Robe              ||    32
Dodge: Dodged            ||    50

Table legend:
 A = Non-vault XP
 B = Vault XP
 C = Vault XP percentage of total XP
 D = Non-vault monster count
 E = Vault monster count
 F = Vault count percentage of total count
                 A         B        C        D         E       F
            +---------+---------+-------+---------+---------+-------
      Total |      58 |       0 |   0.0 |      28 |       0 |   0.0
            +---------+---------+-------+---------+---------+-------
        D:1 |      30 |       0 |   0.0 |      18 |       0 |   0.0
        D:2 |      28 |       0 |   0.0 |      10 |       0 |   0.0
            +---------+---------+-------+---------+---------+-------
